 Dungeon Crawl Stone Soup version 0.31.0-1-g2c135a008e (webtiles) character file.

Game seed: 950864817171302223

4394 qw the Skirmisher (level 10, -3/73 HPs)
             Began as a Djinni Hunter on Jan 24, 2024.
             Was an Elder of Okawaru.
             Slain by Grum
             ... wielding a +1 spear
              (15 damage)
             ... on level 8 of the Dungeon.
             The game lasted 00:00:28 (6564 turns).

qw the Skirmisher (Djinni Hunter)                   Turns: 6564, Time: 00:00:29

Health: -3/73      AC: 11    Str: 10    XL:     10   Next: 61%
Gold:   282        EV: 20    Int: 11    God:    Okawaru [****..] SH:  0 Dex: 21

rFire   + + .        a - +1 shortbow (heavy)
rCold   x . .        (shield currently unavailable)
rNeg    + . .        q - +2 robe {Will+}
rPois   inf          n - +0 helmet
rElec   .            r - +2 cloak {rCorr}
rCorr   +            p - +2 pair of gloves
SInv    .            (boots unavailable)
Will    +++..        (no amulet)
Stlth   ++           g - ring of positive energy
HPRegen 0.32/turn    b - +3 ring of evasion
MPRegen 0.00/turn

%: clarity, infuse magic (-4 HP)
@: about to teleport, flying
A: sickness immunity, fire resistance 2, cold vulnerability 1, float, innate
caster, HP casting, extra vitality 1, claws 1, clarity, strong-willed 1, passive
freeze
a: Renounce Religion, Heroism, Finesse


You were on level 8 of the Dungeon.
You worshipped Okawaru.
Okawaru was greatly pleased with you.
You visited 1 branch of the dungeon, and saw 8 of its levels.

You collected 392 gold pieces.
You spent 110 gold pieces at shops.


Innate Abilities, Weirdness & Mutations

You are immune to sickness and miasma.
You are immune to poison.
Your flesh is very heat resistant. (rF++)
You are vulnerable to cold. (rC-)
You float through the air rather than walking.
You learn spells naturally, not from books.
Your magical power is your life essence.
You have superior vitality. (+4 MHP)
You have sharp fingernails.
You possess an exceptional clarity of mind.
You are strong-willed. (Will+)
A frigid envelope surrounds you and freezes all who hurt you.


   Skills:
 + Level 6.9 Fighting
 - Level 9.0 Ranged Weapons
 - Level 2.1 Armour
 - Level 7.0 Dodging
 - Level 0.7 Stealth
 + Level 5.8 Invocations


You knew the following spells:

 Your Spells              Type           Power      Damage    Failure   Level
a - Summon Small Mammal   Summ           0%         N/A       34%         1
b - Momentum Strike       Conj/Tloc      0%         3d8       47%         2
c - Summon Ice Beast      Ice/Summ       0%         N/A       71%         3
d - Gell's Gravitas       Tloc           0%         N/A       71%         3
Your spell library was empty.

Inventory:

Hand Weapons
 a - a +1 heavy shortbow (weapon)
Armour
 e - +0 swamp dragon scales
 n - a +0 helmet (worn)
 p - a +2 pair of gloves (worn)
 q - a +2 robe of willpower (worn)
 r - a +2 cloak of preservation (worn)
Jewellery
 b - a +3 ring of evasion (right hand)
 g - a ring of positive energy (left hand)
Wands
 d - a wand of polymorph (9)
 i - a wand of light (12)
Scrolls
 j - 3 scrolls of teleportation
Potions
 c - 2 potions of heal wounds
 f - 3 potions of haste
 h - 2 potions of curing
 k - a potion of enlightenment {unknown}

Dungeon Overview and Level Annotations

Branches:
Dungeon (8/15)             Temple (0/1) D:5            Lair (0/5) D:8

Altars:
Ashenzari
Cheibriados
Dithmenos
Elyvilon
Gozag
Makhleb
Okawaru
Ru
Trog
Wu Jian
Xom
Zin
The Shining One

Shops:
D:1 (   D:5 =

Annotations:
D:3 1 runed translucent door, qw's ghost, amateur DjHu
D:8 Grum


Message History

The wolf misses you. The wolf bites you.
The wolf is very cold.
The wolf is almost dead.
Grum hits you from afar with a +1 spear!
The wolf completely misses you.
You shoot an arrow. The arrow hits the wolf!!
You kill the wolf!
Okawaru accepts your kill. Grum barely misses you.
The black bear completely misses you.
The black bear claws you but does no damage.
The black bear is very cold.
The black bear is moderately wounded.
The black bear completely misses you. Grum misses you.
You shoot an arrow.
The arrow hits the black bear but does no damage.
The black bear is moderately wounded.
The black bear completely misses you. The black bear closely misses you. x2
Grum hits you from afar with a +1 spear.
You shoot an arrow.
The arrow hits the black bear but does no damage.
The black bear is moderately wounded.
The black bear completely misses you.
The black bear claws you but does no damage.
The black bear is very cold.
The black bear is severely wounded.
The black bear claws you but does no damage.
The black bear is very cold.
You kill the black bear!
Okawaru accepts your kill. Grum closely misses you. Grum barely misses you.
You shoot an arrow. The arrow hits Grum!
Grum is heavily wounded.
Grum barely misses you.
You shoot an arrow. The arrow barely misses Grum.
Grum barely misses you.
Grum hits you from afar with a +1 spear!
6564 ||| READING 4 scrolls of teleportation.
As you read the scroll of teleportation, it crumbles to dust.
You feel strangely unstable.
Grum hits you from afar with a +1 spear!
You die...

### #.. #.# ### #.# #..
### ###.###.# ...
###....##.# #.##
#...##.##.##...#.#
#######.####.....%._....
........# #####@#...##.
#######.# #.# .## ..#
#... #.g.h# #.# #####
####.h... #.# #### #.#
#.# #.# #.##########


You could see Grum.

Vanquished Creatures
  Pikel (D:6)
  Maurice (D:7)
  Maggie (D:8)
  A wyvern (D:8)
  A yak (D:8)
  2 basilisks (D:8)
  Menkaure (D:6)
  Duvessa (D:7)
  3 water moccasins
  2 sky beasts (D:7)
  4 black bears
  2 wolves (D:8)
  2 ogres
  2 kobold brigands
  2 bullfrogs (D:7)
  2 scorpions
  5 wights (D:8)
  Dowan (D:7)
  A howler monkey (D:7)
  A bombardier beetle (D:5)
  3 hounds
  2 orc priests
  3 orc wizards
  A sleepcap (D:4)
  4 iguanas
  7 adders
  2 white imps
  2 ufetubi (D:5)
  4 dart slugs
  2 ribbon worms
  12 orcs
  8 ball pythons
  4 endoplasms
  3 giant cockroaches
  5 hobgoblins
  2 jackals (D:1)
  5 quokkas
  4 bats
  4 frilled lizards
  A goblin (D:2)
  12 kobolds
  4 rats
130 creatures vanquished.

Notes
Turn   | Place    | Note
-------+----------+-------------------------------------------
     0 | D:1      | qw the Djinni Hunter began the quest for the Orb.
     0 | D:1      | Reached XP level 1. HP: 18/18 MP: 0/0
     0 | D:1      | 0 ||| qw: Version: 0.3-a-136-gdd3b4e8
     0 | D:1      | 0 ||| qw: Game counter: 1349
     0 | D:1      | 0 ||| qw: Melee chars always use a shield: true
     0 | D:1      | 0 ||| qw: God list: Okawaru
     0 | D:1      | 0 ||| qw: Allow faded altars: false
     0 | D:1      | 0 ||| qw: Do Orc after clearing Dungeon:15 true
     0 | D:1      | 0 ||| qw: Do second Lair branch before Depths: true
     0 | D:1      | 0 ||| qw: Lair rune preference: random
     0 | D:1      | 0 ||| qw: Goals: Normal
     0 | D:1      | 0 ||| PLANNING D:1-11
    50 | D:1      | 50 ||| DROPPING +0 sling of flaming.
   197 | D:1      | Reached XP level 2. HP: 23/23 MP: 0/0
   253 | D:1      | Found Fase Ita's Weapon Shop.
   382 | D:1      | Reached XP level 3. HP: 27/28 MP: 0/0
   382 | D:1      | Learned a level 1 spell: Summon Small Mammal
   426 | D:1      | Reached skill level 4 in Ranged Weapons
   627 | D:1      | 627 ||| UPGRADING to ring of positive energy.
   628 | D:1      | 628 ||| READING 2 scrolls labelled TIRPHE CEOSCHUA.
   628 | D:1      | 628 ||| ENCHANTING +0 shortbow.
   629 | D:1      | 629 ||| READING scroll labelled XIGAKE WYCAU.
   629 | D:1      | 629 ||| IDENTIFYING brown potion
   630 | D:1      | 630 ||| READING scroll labelled UDWUVY CIRI.
   731 | D:1      | 731 ||| READING scroll labelled ACAPREOLUOTE.
   832 | D:1      | 832 ||| DRINKING 2 blue potions.
   832 | D:1      | Gained mutation: Your spells are a little easier to cast,
                  | but a little less powerful. [potion of mutation]
   832 | D:1      | Gained mutation: You expend health (3 HP) to strengthen
                  | your wands. [potion of mutation]
   833 | D:1      | 833 ||| DRINKING potion of mutation.
   833 | D:1      | Lost mutation: Your spells are a little easier to cast, but
                  | a little less powerful. [potion of mutation]
   833 | D:1      | Lost mutation: You expend health (3 HP) to strengthen your
                  | wands. [potion of mutation]
   833 | D:1      | Gained mutation: You are strong-willed. (Will+) [potion of
                  | mutation]
   833 | D:1      | Gained mutation: You possess an exceptional clarity of
                  | mind. [potion of mutation]
   833 | D:1      | Gained mutation: You have sharp fingernails. [potion of
                  | mutation]
   833 | D:1      | Gained mutation: A frigid envelope surrounds you and
                  | freezes all who hurt you. [potion of mutation]
   834 | D:1      | 834 ||| DROPPING scroll of butterflies.
   835 | D:1      | 835 ||| DROPPING potion of magic.
   902 | D:2      | Found a broken altar of Ashenzari.
  1093 | D:2      | Reached XP level 4. HP: 34/34 MP: 0/0
  1208 | D:2      | Reached skill level 3 in Fighting
  1563 | D:2      | 1563 ||| DROPPING ring of wizardry.
  1564 | D:2      | 1564 ||| READING 3 scrolls labelled OCWIRO JOCU.
  1565 | D:2      | 1565 ||| READING scroll labelled OMYAVI XOAR.
  1566 | D:2      | 1566 ||| DROPPING 2 scrolls of fear.
  1630 | D:3      | Reached skill level 3 in Dodging
  1630 | D:3      | Reached XP level 5. HP: 30/40 MP: 0/0
  1630 | D:3      | Learned a level 2 spell: Momentum Strike
  1693 | D:3      | Found a broken altar of Ashenzari.
  1698 | D:3      | Found a sacrificial altar of Ru.
  1699 | D:3      | Found an ornate altar of the Wu Jian Council.
  1701 | D:3      | Found an opulent altar of Gozag.
  1852 | D:3      | Found a runed translucent door.
  1855 | D:3      | Noticed qw's ghost (amateur DjHu)
  1878 | D:3      | 1878 ||| READING scroll of identify.
  1878 | D:3      | 1878 ||| IDENTIFYING silvery potion
  1879 | D:3      | 1879 ||| DROPPING potion of ambrosia.
  1909 | D:3      | Noticed a kobold brigand
  1919 | D:3      | Killed a kobold brigand
  1920 | D:3      | Reached skill level 5 in Ranged Weapons
  1920 | D:3      | Reached XP level 6. HP: 32/46 MP: 0/0
  2271 | D:3      | Found a white marble altar of Elyvilon.
  2273 | D:3      | Found a glowing golden altar of the Shining One.
  2274 | D:3      | Found a glowing silver altar of Zin.
  2568 | D:4      | 2568 ||| FLEEEEING.
  2579 | D:4      | 2579 ||| FLEEEEING.
  2580 | D:4      | 2580 ||| FLEEEEING.
  2581 | D:4      | 2581 ||| STAIRDANCE
  2837 | D:4      | Found an iron altar of Okawaru.
  2838 | D:4      | 2838 ||| PLANNING OKAWARU WORSHIP
  2838 | D:4      | 2838 ||| DRINKING 3 emerald potions.
  2843 | D:4      | Became a worshipper of Warmaster Okawaru
  2844 | D:4      | 2844 ||| PLANNING D:1-11
  3424 | D:4      | Found a shadowy altar of Dithmenos.
  3523 | D:4      | 3523 ||| READING scroll of identify.
  3523 | D:4      | 3523 ||| IDENTIFYING sedimented pink potion
  3524 | D:4      | 3524 ||| READING scroll labelled ANKIPR MEBO.
  3529 | D:4      | 3529 ||| READING scroll labelled NUYNEM OTUDAYZUISE.
  3530 | D:4      | 3530 ||| READING scroll labelled YZOASA BOTA.
  3531 | D:4      | 3531 ||| DRINKING 2 sapphire potions.
  3532 | D:4      | 3532 ||| DROPPING potion of lignification.
  3555 | D:5      | Entered Level 5 of the Dungeon
  3559 | D:5      | Found Zialuell's One-of-a-Kind Rings.
  3565 | D:5      | 3565 ||| BUYING +3 ring of evasion (110 gold).
  3565 | D:5      | Bought a +3 ring of evasion for 110 gold pieces
  3565 | D:5      | 3565 ||| SHOPLISTING +3 ring of protection (231 gold, have
                  | 63).
  3565 | D:5      | 3565 ||| SHOPLISTING +9 ring of strength (858 gold, have
                  | 63).
  3565 | D:5      | 3565 ||| SHOPLISTING ring of Fez Powk {Fire Str-4 Int+8
                  | Dex-2 Stlth+} (429 gold, have 63).
  3591 | D:5      | Noticed an ogre
  3593 | D:5      | 3593 ||| DRINKING 3 potions of haste.
  3598 | D:5      | Killed an ogre
  3599 | D:5      | 3599 ||| FLEEEEING.
  3706 | D:5      | Reached XP level 7. HP: 26/53 MP: 0/0
  3706 | D:5      | Learned a level 3 spell: Summon Ice Beast
  4407 | D:5      | Found a staircase to the Ecumenical Temple.
  4443 | D:5      | Noticed a water moccasin
  4444 | D:5      | 4444 ||| DRINKING 3 potions of haste.
  4457 | D:5      | Killed a water moccasin
  4458 | D:5      | Reached skill level 6 in Ranged Weapons
  4644 | D:5      | 4644 ||| UPGRADING to +0 ring mail.
  4654 | D:5      | 4654 ||| DROPPING +0 leather armour.
  4655 | D:5      | 4655 ||| UPGRADING to +3 ring of evasion.
  4656 | D:5      | 4656 ||| READING scroll of identify.
  4656 | D:5      | 4656 ||| IDENTIFYING scroll labelled WURHUC NEGUSOMOZU
  4657 | D:5      | 4657 ||| READING scroll of enchant weapon.
  4657 | D:5      | 4657 ||| ENCHANTING +0 shortbow.
  4658 | D:5      | 4658 ||| READING scroll labelled HOVVEY PETAC.
  4658 | D:5      | 4658 ||| BRANDING +1 shortbow.
  4659 | D:5      | 4659 ||| READING scroll labelled DOCEYM VAGA.
  4694 | D:6      | Reached skill level 1 in Armour
  4755 | D:6      | Reached XP level 8. HP: 58/58 MP: 0/0
  4759 | D:6      | Reached * piety under Okawaru
  4776 | D:6      | Noticed Menkaure
  4779 | D:6      | Killed Menkaure
  4780 | D:6      | Reached skill level 1 in Invocations
  4892 | D:6      | Noticed Pikel
  4893 | D:6      | 4893 ||| INVOKING Heroism.
  4904 | D:6      | 4904 ||| INVOKING Heroism.
  4905 | D:6      | Killed Pikel
  4905 | D:6      | Reached ** piety under Okawaru
  4906 | D:6      | Reached skill level 8 in Ranged Weapons
  4906 | D:6      | Reached XP level 9. HP: 52/63 MP: 0/0
  4906 | D:6      | Learned a level 3 spell: Gell's Gravitas
  4949 | D:6      | Found a bloodstained altar of Trog.
  5014 | D:6      | 5014 ||| ZAPPING wand of light (13) at 1,2 (black bear;
                  | floor).
  5015 | D:6      | Reached skill level 3 in Invocations
  5174 | D:6      | 5174 ||| READING 4 scrolls of identify.
  5174 | D:6      | 5174 ||| IDENTIFYING red potion
  5175 | D:6      | 5175 ||| READING 3 scrolls of identify.
  5175 | D:6      | 5175 ||| IDENTIFYING scroll labelled LOMMOC WIKLOU
  5176 | D:6      | 5176 ||| DROPPING scroll of fog.
  5225 | D:7      | Reached *** piety under Okawaru
  5385 | D:7      | 5385 ||| FLEEEEING.
  5387 | D:7      | 5387 ||| FLEEEEING.
  5388 | D:7      | 5388 ||| FLEEEEING.
  5544 | D:7      | Noticed Duvessa
  5547 | D:7      | Noticed Dowan
  5548 | D:7      | Killed Duvessa
  5549 | D:7      | Reached skill level 6 in Fighting
  5550 | D:7      | 5550 ||| INVOKING Heroism.
  5553 | D:7      | Killed Dowan
  5806 | D:7      | Noticed Maurice
  5807 | D:7      | 5807 ||| INVOKING Heroism.
  5810 | D:7      | Maurice stole 74 gold
  5812 | D:7      | Killed Maurice
  5812 | D:7      | Reached **** piety under Okawaru
  5813 | D:7      | Reached skill level 9 in Ranged Weapons
  5813 | D:7      | Reached XP level 10. HP: 59/72 MP: 0/0
  5890 | D:7      | 5890 ||| UPGRADING to +0 helmet.
  5895 | D:7      | 5895 ||| UPGRADING to +0 pair of gloves.
  5900 | D:7      | 5900 ||| UPGRADING to +2 robe of willpower.
  5910 | D:7      | 5910 ||| DROPPING +0 ring mail.
  5911 | D:7      | 5911 ||| UPGRADING to +2 cloak of preservation.
  5916 | D:7      | 5916 ||| READING 2 scrolls of enchant armour.
  5916 | D:7      | 5916 ||| ENCHANTING +0 pair of gloves.
  5917 | D:7      | 5917 ||| READING scroll of enchant armour.
  5917 | D:7      | 5917 ||| ENCHANTING +1 pair of gloves.
  5918 | D:7      | 5918 ||| READING 2 scrolls of identify.
  5918 | D:7      | 5918 ||| IDENTIFYING lumpy grey potion
  5919 | D:7      | 5919 ||| READING scroll of identify.
  5919 | D:7      | 5919 ||| IDENTIFYING murky puce potion
  5920 | D:7      | 5920 ||| DROPPING potion of degeneration.
  5921 | D:7      | 5921 ||| DROPPING potion of brilliance.
  5958 | D:8      | Noticed Maggie
  5959 | D:8      | 5959 ||| INVOKING Finesse.
  5975 | D:8      | Killed Maggie
  5976 | D:8      | Reached skill level 6 in Dodging
  6134 | D:8      | 6134 ||| RETREEEEATING.
  6137 | D:8      | 6137 ||| RETREEEEATING.
  6262 | D:8      | Found a staircase to the Lair.
  6335 | D:8      | Found a snail-covered altar of Cheibriados.
  6343 | D:8      | Found a burning altar of Makhleb.
  6406 | D:8      | 6406 ||| RETREEEEATING.
  6539 | D:8      | Found a shimmering altar of Xom.
  6548 | D:8      | 6548 ||| RETREEEEATING.
  6549 | D:8      | Noticed Grum
  6552 | D:8      | 6552 ||| RETREEEEATING.
  6563 | D:8      | HP: 12/73 [Grum/+1 spear (10)]
  6564 | D:8      | 6564 ||| READING 4 scrolls of teleportation.
  6564 | D:8      | Slain by Grum

Levels and vault maps discovered:
D:1:      dpeg_arrival_renting, layout_basic, serial_shops, shop
D:2:      layout_basic, basic_altar, minivault_27
D:3:      cheibrodos_thug_alley, layout_basic,
          nicolae_overflow_macrodata_refinement, good_gods_temple_1,
          ebering_ghost_reflecting_pool, ebering_dispersal_statue_hall
D:4:      layout_basic, lemuel_tele_altar, amcnicky_altar_gilded,
          mainiacjoe_overflow_alcove_4
D:5:      lemuel_ice_spiral_2, layout_basic, hellmonk_sif_muna_bookshelves,
          temple_green, nicolae_shop_unique_rings
D:6:      nicolae_cairo_tiling_large, layout_rooms, trog_ov_bears_minmay,
          uniq_menkaure, uniq_pikel
D:7:      layout_loops_cross, minivault_27, uniq_maurice, uniq_duvessa
D:8:      layout_loops_ring, nicolae_overflow_crystal_walls,
          mainiacjoe_overflow_boulevard, bloody_makhleb, david_lair_generic,
          uniq_grum, uniq_maggie

Skill      XL: |  1  2  3  4  5  6  7  8  9 10 |
---------------+-------------------------------+-----
Ranged Weapons | 4 5 6 8 9 |  9.0
Fighting       | 3 4 6 |  6.9
Dodging        | 3 4 5 7 |  7.0
Armour         | 1 2 |  2.1
Invocations    | 1 4 5 |  5.8
Stealth        | |  0.7

Action                     |  1- 3 |  4- 6 |  7- 9 | 10-12 || total
---------------------------+-------+-------+-------+-------++-------
   Fire: Shortbow          |    72 |   124 |   151 |    78 ||   425
 Invoke: Heroism           |       |       |     4 |       ||     4
         Finesse           |       |       |       |     1 ||     1
  Evoke: Wand              |       |       |     1 |       ||     1
    Use: Scroll            |     4 |     7 |     6 |     5 ||    22
         Potion            |     2 |     3 |     1 |       ||     6
 Armour: Leather armour    |    10 |    33 |    18 |       ||    61
         Ring mail         |       |       |    31 |       ||    31
         Robe              |       |       |       |    32 ||    32
  Dodge: Dodged            |    16 |    27 |    75 |    55 ||   173

Table legend:
 A = Non-vault XP
 B = Vault XP
 C = Vault XP percentage of total XP
 D = Non-vault monster count
 E = Vault monster count
 F = Vault count percentage of total count
                 A         B        C        D         E       F
            +---------+---------+-------+---------+---------+-------
      Total |    2868 |    3410 |  54.3 |     107 |      23 |  17.7
            +---------+---------+-------+---------+---------+-------
        D:1 |      38 |       0 |   0.0 |      22 |       0 |   0.0
        D:2 |      57 |       0 |   0.0 |      13 |       0 |   0.0
        D:3 |     114 |     117 |  50.6 |      14 |       9 |  39.1
        D:4 |      60 |       0 |   0.0 |       9 |       0 |   0.0
        D:5 |     541 |       0 |   0.0 |      12 |       0 |   0.0
        D:6 |     484 |    1130 |  70.0 |      10 |       4 |  28.6
        D:7 |     886 |     736 |  45.4 |      15 |       3 |  16.7
        D:8 |     688 |    1427 |  67.5 |      12 |       7 |  36.8
            +---------+---------+-------+---------+---------+-------
